Senators vs Canadiens

Created - April 16, 2016 at 20:23

Goals
1 2 3 T
Senators 0 3 1 4
Canadiens 1 2 0 3
Shots
1 2 3 T
Senators 7 14 13 34
Canadiens 11 10 17 38

1st period

1. Canadiens , Jonathan Toews 1 (Jordan Eberle) at 13:59

Penalties :
Nick Holden (MTL) for Holding (Minor) at 2:51, Cam Fowler (MTL) for Goalie Interference (Minor) at 3:39, Martin Hanzal (MTL) for High sticking (Minor) at 17:15, Marc Methot (OTT) for Hooking (Minor) at 19:04

2nd period

2. Canadiens , Chris Stewart 2 (Jakob Silfverberg, Dan Girardi) at 1:13
3. Canadiens , Jordan Eberle 2 (Jonathan Toews, Cam Fowler) at 3:08
4. Senators , Patrick Marleau 2 (Sidney Crosby, Jason Garrison) at 10:42
5. Senators , Mike Hoffman 2 (Duncan Keith, Marc Methot) at 12:35
6. Senators , Mark Stone 2 (Patrick Marleau, Chris Phillips) at 14:36

Penalties :
Justin Abdelkader (MTL) for Elbowing (Minor) at 8:33, Jan Hejda (OTT) for High sticking (Minor) at 12:04, Dan Girardi (MTL) for Tripping (Minor) at 12:11

3rd period

7. Senators , Steve Bernier 3 (Mike Hoffman) at 14:18

Penalties :
Mark Stone (OTT) for Hooking (Minor) at 0:09

Goalie Stats

Tuukka Rask (OTT), 35 saves from 38 shots - (0.921), W, 4-0-0, 60:00 minutes
Jonathan Bernier (MTL), 30 saves from 34 shots - (0.882), L, 0-4-0, 59:20 minutes

Players Stats for Senators

Player Name              G  A  P  +/- PIM S  H  SB GA TA FO     MP     PP MP  PK MP  
------------------------------------------------------------------------------------
Chris Phillips           0  1  1   2  0   0  0  0  0  0  0/0    10:53   0:00   1:23 
Connor Murphy            0  0  0   0  0   0  0  0  0  0  0/0     5:12   0:27   0:00 
Drew Miller              0  0  0   0  0   0  1  0  0  0  2/3    16:10   3:39   0:43 
Duncan Keith             0  1  1   0  0   0  0  6  0  0  0/0    24:22   2:03   2:39 
Jan Hejda                0  0  0  -1  2   2  2  0  0  0  0/0    20:01   4:12   1:16 
Jared Cowen              0  0  0   2  0   2  2  3  0  0  0/0     9:30   0:00   0:00 
Jason Garrison           0  1  1  -1  0   1  0  2  0  0  0/0    20:56   4:12   1:16 
Karl Stollery            0  0  0   0  0   0  0  0  0  0  0/0     1:31   0:27   0:00 
Marc Methot              0  1  1   0  2   0  3  6  0  0  0/0    22:48   2:02   1:16 
Mark Stone               1  0  1   2  2   3  0  0  0  0  0/0    18:45   0:00   0:00 
Mika Zibanejad           0  0  0  -2  0   3  2  0  0  0  12/24  21:24   3:03   0:36 
Mike Hoffman             1  1  2   1  0   7  0  1  0  0  9/23   19:50   3:39   3:19 
Milan Michalek           0  0  0  -2  0   2  0  0  0  0  0/1    19:05   3:03   0:00 
Pascal Dupuis            0  0  0  -2  0   4  1  0  0  0  1/1    16:29   0:27   0:00 
Patrick Marleau          1  1  2   2  0   4  2  0  0  0  0/1    20:00   0:00   0:00 
Sergei Gonchar           0  0  0   0  0   0  0  0  0  0  0/0     4:45   0:00   0:00 
Sidney Crosby            0  1  1   2  0   3  5  0  0  0  19/32  25:48   2:36   3:12 
Steve Bernier            1  0  1   1  0   3  2  0  0  0  2/7    16:31   3:39   0:00 

Players Stats for Canadiens

Player Name              G  A  P  +/- PIM S  H  SB GA TA FO     MP     PP MP  PK MP  
------------------------------------------------------------------------------------
Adam Larsson             0  0  0   1  0   2  2  3  0  0  0/0    24:51   1:48   3:16 
Alexander Steen          0  0  0   0  0   3  2  0  0  0  1/3    19:12   1:33   0:00 
Cam Fowler               0  1  1   2  2   1  3  3  0  0  0/0    22:51   1:48   2:09 
Chris Stewart            1  0  1   0  0   2  0  0  0  0  0/1     9:38   0:00   0:00 
Dale Weise               0  0  0  -1  0   2  2  0  0  0  0/0     6:46   0:00   0:00 
Dan Girardi              0  1  1   0  2   1  5  0  0  0  0/0    22:15   2:06   3:39 
Ian Cole                 0  0  0  -2  0   1  0  1  0  0  0/0    15:56   2:07   0:43 
Jakob Silfverberg        0  1  1   0  0   2  0  0  0  0  1/1    12:54   0:00   3:16 
Jonathan Ericsson        0  0  0  -1  0   0  3  3  0  0  0/0    21:16   0:00   3:36 
Jonathan Toews           1  1  2   1  0   10 3  0  0  0  10/24  20:19   1:33   2:40 
Jordan Eberle            1  1  2   0  0   5  2  0  0  0  2/3    19:22   1:33   0:00 
Josh Bailey              0  0  0   0  0   1  1  0  0  0  2/2    20:04   2:22   2:51 
Justin Abdelkader        0  0  0   0  2   2  4  0  0  0  1/1    17:41   2:22   0:00 
Martin Hanzal            0  0  0   0  2   3  1  0  0  0  16/31  17:31   2:22   0:00 
Nick Holden              0  0  0  -2  2   1  1  0  0  0  0/0    12:48   0:00   0:00 
Shawn Horcoff            0  0  0   0  0   0  1  0  0  0  8/13    9:38   0:00   0:00 
Stephen Gionta           0  0  0  -1  0   1  0  0  0  0  6/13   10:12   0:00   3:26 
Tyler Kennedy            0  0  0  -1  0   1  1  0  0  0  0/0     6:46   0:00   0:00 

3 Stars

1 - Patrick Marleau (OTT)
2 - Jonathan Toews (MTL)
3 - Mike Hoffman (OTT)

Power Play

Senators - 0 on 5 Attempt(s) - 0.00%
Canadiens - 0 on 3 Attempt(s) - 0.00%

Penalty Kill

Senators - 3 on 3 Attempt(s) - 100.00% - Score 0 goal in Penalty Kill
Canadiens - 5 on 5 Attempt(s) - 100.00% - Score 0 goal in Penalty Kill

Team Stat

Senators - Hits : 20 - Faceoff Wins : 45 - Blocked Shots : 18 - Penalty Minutes : 6
Canadiens - Hits : 31 - Faceoff Wins : 47 - Blocked Shots : 10 - Penalty Minutes : 10

Official

Referees : Paul Devorski and Dennis LaRue
Linesman : Lonnie Cameron and Jay Sharrers

Game Notes

No Game Note

Finance

Level 1 -- Attendance: 6500 (100.00%) -- Ticket Income $715,000
Level 2 -- Attendance: 4918 (98.36%) -- Ticket Income $368,850
Level 3 -- Attendance: 3465 (99.00%) -- Ticket Income $190,575
Level 4 -- Attendance: 2912 (55.08%) -- Ticket Income $101,920
Luxury Box -- Attendance: 1000 (100.00%) -- Ticket Income $199,000
Game was played at the Bell Centre.
Total Attendance: 18795 (88.29%)
Total Ticket Income: $1,575,345
Other Income: $236,302
Total Income: $1,811,647

% Time on Ice - Senators

Lines # - Real PCT - Wanted PCT - Time Play
Normal Forward
1 - 39% - 40% - 18:23
2 - 34% - 30% - 16:02
3 - 24% - 20% - 11:19
4 - 3% - 10% - 1:14
Normal Defense
1 - 39% - 40% - 18:09
2 - 31% - 30% - 14:34
3 - 20% - 20% - 9:30
4 - 10% - 10% - 4:45
PP Forward
1 - 54% - 60% - 3:39
2 - 46% - 40% - 3:03
PP Defense
1 - 31% - 60% - 2:03
2 - 69% - 40% - 4:39
PK Forward
1 - 85% - 60% - 3:19
2 - 15% - 40% - 0:36
PK Defense
1 - 68% - 60% - 2:39
2 - 32% - 40% - 1:16
PK3 Forward
1 - 0% - 60%
2 - 0% - 40%
PK3 Defense
1 - 0% - 60%
2 - 0% - 40%
44 Forward
1 - 76% - 60% - 1:33
2 - 24% - 40% - 0:29
44 Defense
1 - 56% - 60% - 1:08
2 - 44% - 40% - 0:54
Last Minute Offensive  - 0:00
Last Minute Defensive  - 0:23
Total
Forward - 60:00
Defense - 60:00

% Time on Ice - Canadiens

Lines # - Real PCT - Wanted PCT - Time Play
Normal Forward
1 - 34% - 33% - 16:06
2 - 31% - 32% - 14:28
3 - 21% - 20% - 9:38
4 - 14% - 15% - 6:46
Normal Defense
1 - 38% - 40% - 17:49
2 - 35% - 35% - 16:20
3 - 14% - 13% - 6:26
4 - 14% - 12% - 6:23
PP Forward
1 - 40% - 60% - 1:33
2 - 60% - 40% - 2:22
PP Defense
1 - 46% - 50% - 1:48
2 - 54% - 50% - 2:07
PK Forward
1 - 48% - 50% - 2:40
2 - 52% - 50% - 2:51
PK Defense
1 - 44% - 50% - 2:25
2 - 56% - 50% - 3:06
PK3 Forward
1 - 51% - 60% - 0:36
2 - 49% - 40% - 0:35
PK3 Defense
1 - 7% - 50% - 0:05
2 - 93% - 50% - 1:06
44 Forward
1 - 43% - 50% - 0:52
2 - 57% - 50% - 1:10
44 Defense
1 - 20% - 50% - 0:25
2 - 80% - 50% - 1:37
Last Minute Offensive  - 0:23
Last Minute Defensive  - 0:00
Total
Forward - 60:00
Defense - 60:00

Play by Play

1st period


0:01 of 1st period - Jonathan Toews wins face-off versus Sidney Crosby in neutral zone.
0:01 of 1st period - Jonathan Toews is hit by Sidney Crosby.
0:31 of 1st period - Shot by Jonathan Toews.
0:31 of 1st period - Stopped by Tuukka Rask without a rebound.
0:32 of 1st period - Martin Hanzal wins face-off versus Mika Zibanejad in Senators zone.
0:33 of 1st period - Shot by Justin Abdelkader.
0:33 of 1st period - Shot Misses the Net.
0:35 of 1st period - Shot by Josh Bailey.
0:35 of 1st period - Shot Misses the Net.
0:37 of 1st period - Shot by Dan Girardi.
0:37 of 1st period - Stopped by Tuukka Rask without a rebound.
0:38 of 1st period - Mike Hoffman wins face-off versus Shawn Horcoff in Senators zone.
0:58 of 1st period - Shot by Mike Hoffman.
0:58 of 1st period - Stopped by Jonathan Bernier with a rebound.
1:16 of 1st period - Shot by Drew Miller.
1:16 of 1st period - Deflect By Mike Hoffman.
1:16 of 1st period - Shot Blocked by Jonathan Ericsson.
1:20 of 1st period - Shot by Mike Hoffman.
1:20 of 1st period - Stopped by Jonathan Bernier without a rebound.
1:21 of 1st period - Mika Zibanejad wins face-off versus Martin Hanzal in Canadiens zone.
1:21 of 1st period - Mika Zibanejad is hit by Nick Holden.
1:33 of 1st period - Shot by Pascal Dupuis.
1:33 of 1st period - Stopped by Jonathan Bernier without a rebound.
1:34 of 1st period - Sidney Crosby wins face-off versus Stephen Gionta in Canadiens zone.
2:14 of 1st period - Shot by Tyler Kennedy.
2:14 of 1st period - Shot Misses the Net.
2:26 of 1st period - Shot by Martin Hanzal.
2:26 of 1st period - Stopped by Tuukka Rask without a rebound.
2:27 of 1st period - Martin Hanzal wins face-off versus Mika Zibanejad in Senators zone.
2:51 of 1st period - Minor Penalty to Nick Holden for Holding.
2:52 of 1st period - Jonathan Toews wins face-off versus Mike Hoffman in Canadiens zone.
3:03 of 1st period - Cam Fowler is hit by Drew Miller and loses puck.
3:39 of 1st period - Minor Penalty to Cam Fowler for Goalie Interference.
3:40 of 1st period - Jakob Silfverberg wins face-off versus Mika Zibanejad in Canadiens zone.
4:21 of 1st period - Icing by Sidney Crosby.
4:22 of 1st period - Mika Zibanejad wins face-off versus Stephen Gionta in Senators zone.
4:35 of 1st period - Shot by Mika Zibanejad.
4:35 of 1st period - Shot Misses the Net.
5:20 of 1st period - Shot by Mike Hoffman.
5:20 of 1st period - Shot Misses the Net.
5:30 of 1st period - Drew Miller is hit by Josh Bailey and loses puck.
6:11 of 1st period - Shot by Alexander Steen.
6:11 of 1st period - Shot Blocked by Jared Cowen.
6:25 of 1st period - Mark Stone is hit by Jonathan Toews and loses puck.
6:41 of 1st period - Icing by Chris Phillips.
6:42 of 1st period - Shawn Horcoff wins face-off versus Sidney Crosby in Senators zone.
7:03 of 1st period - Marc Methot is hit by Shawn Horcoff and loses puck.
7:19 of 1st period - Mika Zibanejad is hit by Dan Girardi and loses puck.
8:21 of 1st period - Shot by Justin Abdelkader.
8:21 of 1st period - Shot Blocked by Mike Hoffman.
8:41 of 1st period - Adam Larsson is hit by Steve Bernier and loses puck.
8:59 of 1st period - Icing by Cam Fowler.
9:00 of 1st period - Josh Bailey wins face-off versus Sidney Crosby in Canadiens zone.
9:00 of 1st period - Josh Bailey is hit by Patrick Marleau.
9:32 of 1st period - Shot by Patrick Marleau.
9:32 of 1st period - Stopped by Jonathan Bernier without a rebound.
9:33 of 1st period - Stephen Gionta wins face-off versus Mika Zibanejad in Canadiens zone.
9:55 of 1st period - Mika Zibanejad is hit by Tyler Kennedy and loses puck.
10:55 of 1st period - Shot by Alexander Steen.
10:55 of 1st period - Deflect By Jonathan Toews.
10:55 of 1st period - Shot Blocked by Jason Garrison.
10:57 of 1st period - Shot by Ian Cole.
10:57 of 1st period - Shot Misses the Net.
10:59 of 1st period - Shot by Ian Cole.
10:59 of 1st period - Shot Misses the Net.
11:01 of 1st period - Shot by Jonathan Toews.
11:01 of 1st period - The goal is going for a video replay.
11:01 of 1st period - The goal is refused.
11:02 of 1st period - Sidney Crosby wins face-off versus Chris Stewart in Senators zone.
11:26 of 1st period - Shot by Sidney Crosby.
11:26 of 1st period - Shot Blocked by Cam Fowler.
11:28 of 1st period - Shot by Patrick Marleau.
11:28 of 1st period - Stopped by Jonathan Bernier without a rebound.
11:29 of 1st period - Martin Hanzal wins face-off versus Drew Miller in Canadiens zone.
12:06 of 1st period - Icing by Jason Garrison.
12:07 of 1st period - Jonathan Toews wins face-off versus Mike Hoffman in Senators zone.
12:17 of 1st period - Off-side.
12:18 of 1st period - Shawn Horcoff wins face-off versus Mika Zibanejad in neutral zone.
12:27 of 1st period - Shot by Jakob Silfverberg.
12:27 of 1st period - Deflect By Chris Stewart.
12:27 of 1st period - Shot Misses the Net.
13:59 of 1st period - Shot by Jonathan Toews.
13:59 of 1st period - Goal by Jonathan Toews - Senators : 0 - Canadiens : 1.
14:00 of 1st period - Mika Zibanejad wins face-off versus Martin Hanzal in neutral zone.
14:28 of 1st period - Jan Hejda is hit by Dan Girardi.
14:40 of 1st period - Shot by Justin Abdelkader.
14:40 of 1st period - Stopped by Tuukka Rask without a rebound.
14:41 of 1st period - Sidney Crosby wins face-off versus Jonathan Toews in Senators zone.
14:54 of 1st period - Mark Stone is hit by Alexander Steen and loses puck.
15:05 of 1st period - Shot by Jonathan Toews.
15:05 of 1st period - Stopped by Tuukka Rask without a rebound.
15:06 of 1st period - Stephen Gionta wins face-off versus Steve Bernier in Senators zone.
15:09 of 1st period - Shot by Dale Weise.
15:09 of 1st period - Stopped by Tuukka Rask with a rebound.
15:11 of 1st period - Shot by Nick Holden.
15:11 of 1st period - Stopped by Tuukka Rask with a rebound.
15:13 of 1st period - Shot by Ian Cole.
15:13 of 1st period - Shot Misses the Net.
15:37 of 1st period - Shot by Stephen Gionta.
15:37 of 1st period - Deflect By Dale Weise.
15:37 of 1st period - Shot Misses the Net.
15:39 of 1st period - Shot by Nick Holden.
15:39 of 1st period - Shot Misses the Net.
15:41 of 1st period - Shot by Ian Cole.
15:41 of 1st period - Stopped by Tuukka Rask without a rebound.
15:42 of 1st period - Sidney Crosby wins face-off versus Jonathan Toews in Senators zone.
15:49 of 1st period - Jonathan Toews is hit by Sidney Crosby and loses puck.
16:10 of 1st period - Shot by Jordan Eberle.
16:10 of 1st period - Shot Blocked by Duncan Keith.
16:12 of 1st period - Shot by Cam Fowler.
16:12 of 1st period - Shot Misses the Net.
16:24 of 1st period - Jonathan Toews is hit by Sidney Crosby and loses puck.
17:15 of 1st period - Minor Penalty to Martin Hanzal for High sticking.
17:16 of 1st period - Stephen Gionta wins face-off versus Mike Hoffman in Canadiens zone.
18:23 of 1st period - Shot by Pascal Dupuis.
18:23 of 1st period - Shot Misses the Net.
18:25 of 1st period - Shot by Mika Zibanejad.
18:25 of 1st period - Deflect By Pascal Dupuis.
18:25 of 1st period - Shot Blocked by Cam Fowler.
18:27 of 1st period - Shot by Karl Stollery.
18:27 of 1st period - Shot Misses the Net.
18:29 of 1st period - Shot by Pascal Dupuis.
18:29 of 1st period - Deflect By Mika Zibanejad.
18:29 of 1st period - Stopped by Jonathan Bernier without a rebound.
18:30 of 1st period - Jonathan Toews wins face-off versus Mika Zibanejad in Canadiens zone.
18:59 of 1st period - Shot by Josh Bailey.
18:59 of 1st period - Deflect By Stephen Gionta.
18:59 of 1st period - Shot Misses the Net.
19:01 of 1st period - Shot by Stephen Gionta.
19:01 of 1st period - Shot Blocked by Jason Garrison.
19:03 of 1st period - Shot by Stephen Gionta.
19:03 of 1st period - Stopped by Tuukka Rask without a rebound.
19:04 of 1st period - Jonathan Toews wins face-off versus Steve Bernier in Senators zone.
19:04 of 1st period - Minor Penalty to Marc Methot for Hooking.
19:05 of 1st period - Jordan Eberle wins face-off versus Steve Bernier in Senators zone.
19:12 of 1st period - Shot by Duncan Keith.
19:12 of 1st period - Shot Misses the Net.
19:14 of 1st period - Shot by Steve Bernier.
19:14 of 1st period - Stopped by Jonathan Bernier without a rebound.
19:15 of 1st period - Martin Hanzal wins face-off versus Mike Hoffman in Canadiens zone.
19:17 of 1st period - Icing by Josh Bailey.
19:18 of 1st period - Justin Abdelkader wins face-off versus Mike Hoffman in Canadiens zone.
19:22 of 1st period - Icing by Dan Girardi.
19:23 of 1st period - Martin Hanzal wins face-off versus Mike Hoffman in Canadiens zone.
19:23 of 1st period - Josh Bailey is hit by Sidney Crosby and loses puck.
19:39 of 1st period - Icing by Justin Abdelkader.
19:40 of 1st period - Sidney Crosby wins face-off versus Martin Hanzal in Canadiens zone.
Goals for this period are 0 for Senators vs 1 for Canadiens.
Shots for this period are 7 for Senators vs 11 for Canadiens.

2nd period


0:01 of 2nd period - Mike Hoffman wins face-off versus Jonathan Toews in neutral zone.
0:18 of 2nd period - Shot by Jonathan Toews.
0:18 of 2nd period - Shot Misses the Net.
0:40 of 2nd period - Shot by Adam Larsson.
0:40 of 2nd period - Stopped by Tuukka Rask without a rebound.
0:41 of 2nd period - Drew Miller wins face-off versus Martin Hanzal in Senators zone.
0:50 of 2nd period - Duncan Keith is hit by Justin Abdelkader and loses puck.
1:13 of 2nd period - Shot by Chris Stewart.
1:13 of 2nd period - Goal by Chris Stewart - Senators : 0 - Canadiens : 2.
1:14 of 2nd period - Mika Zibanejad wins face-off versus Stephen Gionta in neutral zone.
1:24 of 2nd period - Shot by Pascal Dupuis.
1:24 of 2nd period - Shot Misses the Net.
1:26 of 2nd period - Shot by Jason Garrison.
1:26 of 2nd period - Shot Blocked by Adam Larsson.
1:28 of 2nd period - Shot by Jan Hejda.
1:28 of 2nd period - Shot Blocked by Cam Fowler.
1:30 of 2nd period - Shot by Milan Michalek.
1:30 of 2nd period - Shot Blocked by Adam Larsson.
1:32 of 2nd period - Shot by Jan Hejda.
1:32 of 2nd period - Stopped by Jonathan Bernier without a rebound.
1:33 of 2nd period - Martin Hanzal wins face-off versus Sidney Crosby in Canadiens zone.
1:38 of 2nd period - Shot by Justin Abdelkader.
1:38 of 2nd period - Stopped by Tuukka Rask without a rebound.
1:39 of 2nd period - Mika Zibanejad wins face-off versus Martin Hanzal in Senators zone.
1:39 of 2nd period - Mika Zibanejad is hit by Justin Abdelkader.
1:52 of 2nd period - Pascal Dupuis is hit by Dan Girardi.
1:55 of 2nd period - Mika Zibanejad is hit by Jonathan Ericsson.
1:59 of 2nd period - Shot by Milan Michalek.
1:59 of 2nd period - Shot Blocked by Jonathan Ericsson.
2:07 of 2nd period - Shot by Justin Abdelkader.
2:07 of 2nd period - Shot Misses the Net.
2:09 of 2nd period - Shot by Martin Hanzal.
2:09 of 2nd period - Shot Blocked by Duncan Keith.
2:32 of 2nd period - Icing by Pascal Dupuis.
2:33 of 2nd period - Mika Zibanejad wins face-off versus Jordan Eberle in Senators zone.
2:40 of 2nd period - Duncan Keith is hit by Jonathan Toews and loses puck.
2:49 of 2nd period - Duncan Keith is hit by Jordan Eberle and loses puck.
3:04 of 2nd period - Shot by Jonathan Toews.
3:04 of 2nd period - Shot Blocked by Duncan Keith.
3:06 of 2nd period - Shot by Jonathan Toews.
3:06 of 2nd period - Shot Misses the Net.
3:08 of 2nd period - Shot by Jordan Eberle.
3:08 of 2nd period - Goal by Jordan Eberle - Senators : 0 - Canadiens : 3.
3:09 of 2nd period - Shawn Horcoff wins face-off versus Sidney Crosby in neutral zone.
3:44 of 2nd period - Shot by Chris Stewart.
3:44 of 2nd period - Stopped by Tuukka Rask without a rebound.
3:45 of 2nd period - Mike Hoffman wins face-off versus Jonathan Toews in Senators zone.
3:49 of 2nd period - Jared Cowen is hit by Dan Girardi and loses puck.
3:57 of 2nd period - Shot by Mike Hoffman.
3:57 of 2nd period - Shot Misses the Net.
3:59 of 2nd period - Shot by Steve Bernier.
3:59 of 2nd period - Shot Misses the Net.
4:01 of 2nd period - Shot by Jared Cowen.
4:01 of 2nd period - Stopped by Jonathan Bernier with a rebound.
4:09 of 2nd period - Shot by Drew Miller.
4:09 of 2nd period - Shot Hit the Post.
4:49 of 2nd period - Icing by Sergei Gonchar.
4:50 of 2nd period - Martin Hanzal wins face-off versus Sidney Crosby in Senators zone.
5:06 of 2nd period - Adam Larsson is hit by Patrick Marleau and loses puck.
5:14 of 2nd period - Icing by Connor Murphy.
5:15 of 2nd period - Stephen Gionta wins face-off versus Sidney Crosby in Senators zone.
5:16 of 2nd period - Shot by Ian Cole.
5:16 of 2nd period - Shot Misses the Net.
5:52 of 2nd period - Icing by Tyler Kennedy.
5:53 of 2nd period - Mika Zibanejad wins face-off versus Stephen Gionta in Canadiens zone.
6:01 of 2nd period - Icing by Ian Cole.
6:02 of 2nd period - Pascal Dupuis wins face-off versus Stephen Gionta in Canadiens zone.
6:27 of 2nd period - Shot by Pascal Dupuis.
6:27 of 2nd period - Shot Misses the Net.
6:29 of 2nd period - Shot by Jason Garrison.
6:29 of 2nd period - Stopped by Jonathan Bernier without a rebound.
6:30 of 2nd period - Mike Hoffman wins face-off versus Jonathan Toews in Canadiens zone.
6:30 of 2nd period - Duncan Keith is hit by Dan Girardi and loses puck.
7:14 of 2nd period - Shot by Jonathan Toews.
7:14 of 2nd period - Shot Blocked by Marc Methot.
7:16 of 2nd period - Shot by Jonathan Toews.
7:16 of 2nd period - Deflect By Alexander Steen.
7:16 of 2nd period - Stopped by Tuukka Rask without a rebound.
7:17 of 2nd period - Sidney Crosby wins face-off versus Martin Hanzal in Senators zone.
7:21 of 2nd period - Jason Garrison is hit by Adam Larsson.
7:25 of 2nd period - Shot by Sidney Crosby.
7:25 of 2nd period - Stopped by Jonathan Bernier without a rebound.
7:26 of 2nd period - Sidney Crosby wins face-off versus Martin Hanzal in Canadiens zone.
7:27 of 2nd period - Shot by Mark Stone.
7:27 of 2nd period - Stopped by Jonathan Bernier without a rebound.
7:28 of 2nd period - Martin Hanzal wins face-off versus Sidney Crosby in Canadiens zone.
7:28 of 2nd period - Martin Hanzal is hit by Sidney Crosby.
7:44 of 2nd period - Shot by Sidney Crosby.
7:44 of 2nd period - Shot Misses the Net.
7:46 of 2nd period - Shot by Mark Stone.
7:46 of 2nd period - Stopped by Jonathan Bernier without a rebound.
7:47 of 2nd period - Mika Zibanejad wins face-off versus Jonathan Toews in Canadiens zone.
7:54 of 2nd period - Shot by Pascal Dupuis.
7:54 of 2nd period - Shot Misses the Net.
8:15 of 2nd period - Shot by Jordan Eberle.
8:15 of 2nd period - Shot Blocked by Marc Methot.
8:17 of 2nd period - Shot by Dan Girardi.
8:17 of 2nd period - Shot Misses the Net.
8:31 of 2nd period - Shot by Alexander Steen.
8:31 of 2nd period - Stopped by Tuukka Rask without a rebound.
8:32 of 2nd period - Sidney Crosby wins face-off versus Martin Hanzal in Senators zone.
8:32 of 2nd period - Sidney Crosby is hit by Justin Abdelkader.
8:33 of 2nd period - Minor Penalty to Justin Abdelkader for Elbowing.
8:34 of 2nd period - Stephen Gionta wins face-off versus Mike Hoffman in Canadiens zone.
8:34 of 2nd period - Stephen Gionta is hit by Steve Bernier.
9:25 of 2nd period - Shot by Sidney Crosby.
9:25 of 2nd period - Stopped by Jonathan Bernier without a rebound.
9:26 of 2nd period - Josh Bailey wins face-off versus Mika Zibanejad in Canadiens zone.
9:51 of 2nd period - Sidney Crosby is hit by Jonathan Ericsson and loses puck.
10:40 of 2nd period - Shot by Sidney Crosby.
10:40 of 2nd period - Shot Misses the Net.
10:42 of 2nd period - Shot by Patrick Marleau.
10:42 of 2nd period - Goal by Patrick Marleau - Senators : 1 - Canadiens : 3.
10:43 of 2nd period - Jordan Eberle wins face-off versus Sidney Crosby in neutral zone.
10:56 of 2nd period - Shot by Jonathan Toews.
10:56 of 2nd period - Stopped by Tuukka Rask with a rebound.
11:42 of 2nd period - Icing by Cam Fowler.
11:43 of 2nd period - Mika Zibanejad wins face-off versus Shawn Horcoff in Canadiens zone.
12:00 of 2nd period - Shot by Jakob Silfverberg.
12:00 of 2nd period - Stopped by Tuukka Rask with a rebound.
12:02 of 2nd period - Shot by Jakob Silfverberg.
12:02 of 2nd period - Stopped by Tuukka Rask without a rebound.
12:03 of 2nd period - Martin Hanzal wins face-off versus Mike Hoffman in Senators zone.
12:03 of 2nd period - Justin Abdelkader is hit by Jan Hejda and loses puck.
12:04 of 2nd period - Minor Penalty to Jan Hejda for High sticking.
12:05 of 2nd period - Martin Hanzal wins face-off versus Mike Hoffman in Senators zone.
12:06 of 2nd period - Shot by Dan Girardi.
12:06 of 2nd period - Shot Misses the Net.
12:11 of 2nd period - Minor Penalty to Dan Girardi for Tripping.
12:12 of 2nd period - Steve Bernier wins face-off versus Alexander Steen in Canadiens zone.
12:29 of 2nd period - Shot by Mike Hoffman.
12:29 of 2nd period - Shot Blocked by Adam Larsson.
12:35 of 2nd period - Shot by Mike Hoffman.
12:35 of 2nd period - Goal by Mike Hoffman - Senators : 2 - Canadiens : 3.
12:36 of 2nd period - Mike Hoffman wins face-off versus Martin Hanzal in neutral zone.
13:00 of 2nd period - Shot by Steve Bernier.
13:00 of 2nd period - Stopped by Jonathan Bernier without a rebound.
13:01 of 2nd period - Alexander Steen wins face-off versus Steve Bernier in Canadiens zone.
13:30 of 2nd period - Shot by Mike Hoffman.
13:30 of 2nd period - Stopped by Jonathan Bernier with a rebound.
13:52 of 2nd period - Cam Fowler is hit by Mika Zibanejad and loses puck.
14:07 of 2nd period - Shot by Milan Michalek.
14:07 of 2nd period - Stopped by Jonathan Bernier with a rebound.
14:09 of 2nd period - Shot by Milan Michalek.
14:09 of 2nd period - Stopped by Jonathan Bernier with a rebound.
14:34 of 2nd period - Shot by Patrick Marleau.
14:34 of 2nd period - Shot Misses the Net.
14:36 of 2nd period - Shot by Mark Stone.
14:36 of 2nd period - Goal by Mark Stone - Senators : 3 - Canadiens : 3.
14:37 of 2nd period - Martin Hanzal wins face-off versus Mika Zibanejad in neutral zone.
14:39 of 2nd period - Dan Girardi is hit by Mika Zibanejad.
14:47 of 2nd period - Josh Bailey is hit by Pascal Dupuis and loses puck.
15:34 of 2nd period - Shot by Sidney Crosby.
15:34 of 2nd period - Shot Misses the Net.
16:06 of 2nd period - Shot by Sidney Crosby.
16:06 of 2nd period - Deflect By Patrick Marleau.
16:06 of 2nd period - Shot Misses the Net.
16:16 of 2nd period - Duncan Keith is hit by Martin Hanzal and loses puck.
16:42 of 2nd period - Icing by Mark Stone.
16:43 of 2nd period - Shawn Horcoff wins face-off versus Sidney Crosby in Senators zone.
17:52 of 2nd period - Alexander Steen is hit by Jan Hejda and loses puck.
18:20 of 2nd period - Shot by Jordan Eberle.
18:20 of 2nd period - Shot Misses the Net.
18:39 of 2nd period - Mike Hoffman is hit by Dale Weise and loses puck.
18:47 of 2nd period - Icing by Ian Cole.
18:48 of 2nd period - Mika Zibanejad wins face-off versus Stephen Gionta in Canadiens zone.
19:33 of 2nd period - Icing by Jan Hejda.
19:34 of 2nd period - Martin Hanzal wins face-off versus Mike Hoffman in Senators zone.
Goals for this period are 3 for Senators vs 2 for Canadiens.
Shots for this period are 14 for Senators vs 10 for Canadiens.

3rd period


0:01 of 3rd period - Sidney Crosby wins face-off versus Martin Hanzal in neutral zone.
0:09 of 3rd period - Minor Penalty to Mark Stone for Hooking.
0:10 of 3rd period - Mike Hoffman wins face-off versus Jonathan Toews in Senators zone.
0:48 of 3rd period - Shot by Jordan Eberle.
0:48 of 3rd period - Stopped by Tuukka Rask without a rebound.
0:49 of 3rd period - Mike Hoffman wins face-off versus Martin Hanzal in Senators zone.
0:57 of 3rd period - Icing by Adam Larsson.
0:58 of 3rd period - Martin Hanzal wins face-off versus Mike Hoffman in Canadiens zone.
1:50 of 3rd period - Duncan Keith is hit by Justin Abdelkader and loses puck.
2:27 of 3rd period - Shot by Pascal Dupuis.
2:27 of 3rd period - Stopped by Jonathan Bernier without a rebound.
2:28 of 3rd period - Sidney Crosby wins face-off versus Jonathan Toews in Canadiens zone.
2:39 of 3rd period - Shot by Jordan Eberle.
2:39 of 3rd period - Stopped by Tuukka Rask without a rebound.
2:40 of 3rd period - Shawn Horcoff wins face-off versus Mika Zibanejad in Senators zone.
2:42 of 3rd period - Jakob Silfverberg is hit by Marc Methot and loses puck.
3:01 of 3rd period - Shot by Pascal Dupuis.
3:01 of 3rd period - Deflect By Milan Michalek.
3:01 of 3rd period - Shot Misses the Net.
3:23 of 3rd period - Shot by Mika Zibanejad.
3:23 of 3rd period - Stopped by Jonathan Bernier with a rebound.
3:59 of 3rd period - Shot by Mike Hoffman.
3:59 of 3rd period - Stopped by Jonathan Bernier with a rebound.
4:01 of 3rd period - Shot by Jan Hejda.
4:01 of 3rd period - Stopped by Jonathan Bernier without a rebound.
4:02 of 3rd period - Martin Hanzal wins face-off versus Patrick Marleau in Canadiens zone.
4:07 of 3rd period - Shot by Justin Abdelkader.
4:07 of 3rd period - Shot Misses the Net.
4:09 of 3rd period - Shot by Martin Hanzal.
4:09 of 3rd period - Shot Blocked by Jared Cowen.
4:11 of 3rd period - Shot by Adam Larsson.
4:11 of 3rd period - Stopped by Tuukka Rask without a rebound.
4:12 of 3rd period - Sidney Crosby wins face-off versus Jonathan Toews in Senators zone.
5:18 of 3rd period - Shot by Pascal Dupuis.
5:18 of 3rd period - Shot Misses the Net.
5:20 of 3rd period - Shot by Duncan Keith.
5:20 of 3rd period - Deflect By Pascal Dupuis.
5:20 of 3rd period - Stopped by Jonathan Bernier with a rebound.
5:25 of 3rd period - Icing by Cam Fowler.
5:26 of 3rd period - Jonathan Toews wins face-off versus Steve Bernier in Canadiens zone.
6:35 of 3rd period - Shot by Tyler Kennedy.
6:35 of 3rd period - Shot Misses the Net.
6:37 of 3rd period - Shot by Stephen Gionta.
6:37 of 3rd period - Shot Blocked by Marc Methot.
7:17 of 3rd period - Off-side.
7:18 of 3rd period - Shawn Horcoff wins face-off versus Sidney Crosby in neutral zone.
7:18 of 3rd period - Shawn Horcoff is hit by Jared Cowen.
7:28 of 3rd period - Shot by Jared Cowen.
7:28 of 3rd period - Stopped by Jonathan Bernier without a rebound.
7:29 of 3rd period - Mike Hoffman wins face-off versus Martin Hanzal in Canadiens zone.
7:29 of 3rd period - Drew Miller is hit by Cam Fowler.
7:31 of 3rd period - Shot by Mike Hoffman.
7:31 of 3rd period - Stopped by Jonathan Bernier without a rebound.
7:32 of 3rd period - Sidney Crosby wins face-off versus Martin Hanzal in Canadiens zone.
8:06 of 3rd period - Icing by Patrick Marleau.
8:07 of 3rd period - Sidney Crosby wins face-off versus Jonathan Toews in Senators zone.
8:07 of 3rd period - Sidney Crosby is hit by Jonathan Toews.
8:16 of 3rd period - Sidney Crosby is hit by Alexander Steen and loses puck.
8:25 of 3rd period - Sidney Crosby is hit by Jonathan Ericsson and loses puck.
8:48 of 3rd period - Shot by Alexander Steen.
8:48 of 3rd period - Shot Blocked by Duncan Keith.
9:22 of 3rd period - Icing by Adam Larsson.
9:23 of 3rd period - Drew Miller wins face-off versus Martin Hanzal in Canadiens zone.
9:24 of 3rd period - Shot by Steve Bernier.
9:24 of 3rd period - Deflect By Mike Hoffman.
9:24 of 3rd period - Shot Misses the Net.
9:26 of 3rd period - Shot by Mike Hoffman.
9:26 of 3rd period - Shot Misses the Net.
9:48 of 3rd period - Shot by Mike Hoffman.
9:48 of 3rd period - Stopped by Jonathan Bernier with a rebound.
9:53 of 3rd period - Mike Hoffman is hit by Adam Larsson and loses puck.
10:15 of 3rd period - Martin Hanzal is hit by Jared Cowen and loses puck.
10:19 of 3rd period - Icing by Drew Miller.
10:20 of 3rd period - Steve Bernier wins face-off versus Shawn Horcoff in Senators zone.
10:24 of 3rd period - Off-side.
10:25 of 3rd period - Jonathan Toews wins face-off versus Sidney Crosby in neutral zone.
10:46 of 3rd period - Shot by Jordan Eberle.
10:46 of 3rd period - Stopped by Tuukka Rask with a rebound.
10:48 of 3rd period - Shot by Alexander Steen.
10:48 of 3rd period - Shot Misses the Net.
10:50 of 3rd period - Shot by Jonathan Ericsson.
10:50 of 3rd period - Shot Blocked by Marc Methot.
10:52 of 3rd period - Shot by Jordan Eberle.
10:52 of 3rd period - Shot Blocked by Duncan Keith.
10:54 of 3rd period - Shot by Alexander Steen.
10:54 of 3rd period - Deflect By Jonathan Toews.
10:54 of 3rd period - Stopped by Tuukka Rask without a rebound.
10:55 of 3rd period - Shawn Horcoff wins face-off versus Milan Michalek in Senators zone.
11:01 of 3rd period - Off-side.
11:02 of 3rd period - Mika Zibanejad wins face-off versus Shawn Horcoff in neutral zone.
11:25 of 3rd period - Shot by Mika Zibanejad.
11:25 of 3rd period - Shot Blocked by Ian Cole.
11:41 of 3rd period - Shot by Nick Holden.
11:41 of 3rd period - Shot Misses the Net.
12:05 of 3rd period - Shot by Martin Hanzal.
12:05 of 3rd period - Stopped by Tuukka Rask without a rebound.
12:06 of 3rd period - Sidney Crosby wins face-off versus Jonathan Toews in Senators zone.
12:26 of 3rd period - Icing by Jordan Eberle.
12:27 of 3rd period - Jonathan Toews wins face-off versus Mike Hoffman in Canadiens zone.
12:32 of 3rd period - Shot by Jonathan Toews.
12:32 of 3rd period - Stopped by Tuukka Rask without a rebound.
12:33 of 3rd period - Martin Hanzal wins face-off versus Sidney Crosby in Senators zone.
12:38 of 3rd period - Shot by Martin Hanzal.
12:38 of 3rd period - Stopped by Tuukka Rask with a rebound.
12:40 of 3rd period - Shot by Josh Bailey.
12:40 of 3rd period - Stopped by Tuukka Rask without a rebound.
12:41 of 3rd period - Sidney Crosby wins face-off versus Martin Hanzal in Senators zone.
12:54 of 3rd period - Shot by Sidney Crosby.
12:54 of 3rd period - Shot Misses the Net.
13:01 of 3rd period - Patrick Marleau is hit by Cam Fowler and loses puck.
13:20 of 3rd period - Shot by Mark Stone.
13:20 of 3rd period - Shot Misses the Net.
13:54 of 3rd period - Off-side.
13:55 of 3rd period - Jonathan Toews wins face-off versus Mike Hoffman in neutral zone.
13:58 of 3rd period - Shot by Jordan Eberle.
13:58 of 3rd period - Stopped by Tuukka Rask with a rebound.
14:18 of 3rd period - Shot by Steve Bernier.
14:18 of 3rd period - Goal by Steve Bernier - Senators : 4 - Canadiens : 3.
14:19 of 3rd period - Stephen Gionta wins face-off versus Mika Zibanejad in neutral zone.
14:41 of 3rd period - Shot by Pascal Dupuis.
14:41 of 3rd period - Stopped by Jonathan Bernier without a rebound.
14:42 of 3rd period - Sidney Crosby wins face-off versus Jonathan Toews in Canadiens zone.
14:55 of 3rd period - Shot by Alexander Steen.
14:55 of 3rd period - Deflect By Jordan Eberle.
14:55 of 3rd period - Shot Misses the Net.
14:57 of 3rd period - Shot by Jordan Eberle.
14:57 of 3rd period - Shot Misses the Net.
14:59 of 3rd period - Shot by Jonathan Toews.
14:59 of 3rd period - Shot Blocked by Marc Methot.
15:01 of 3rd period - Shot by Jordan Eberle.
15:01 of 3rd period - Shot Misses the Net.
15:03 of 3rd period - Shot by Dan Girardi.
15:03 of 3rd period - Shot Misses the Net.
15:05 of 3rd period - Shot by Jonathan Toews.
15:05 of 3rd period - Stopped by Tuukka Rask without a rebound.
15:06 of 3rd period - Shawn Horcoff wins face-off versus Mika Zibanejad in Senators zone.
16:50 of 3rd period - Duncan Keith is hit by Jordan Eberle and loses puck.
16:57 of 3rd period - Icing by Duncan Keith.
16:58 of 3rd period - Sidney Crosby wins face-off versus Stephen Gionta in Senators zone.
16:58 of 3rd period - Duncan Keith is hit by Dale Weise and loses puck.
17:09 of 3rd period - Shot by Tyler Kennedy.
17:09 of 3rd period - Stopped by Tuukka Rask with a rebound.
17:33 of 3rd period - Shot by Dale Weise.
17:33 of 3rd period - Stopped by Tuukka Rask without a rebound.
17:34 of 3rd period - Mike Hoffman wins face-off versus Jonathan Toews in Senators zone.
17:38 of 3rd period - Chris Phillips is hit by Cam Fowler and loses puck.
17:42 of 3rd period - Icing by Cam Fowler.
17:43 of 3rd period - Jonathan Toews wins face-off versus Mike Hoffman in Canadiens zone.
18:08 of 3rd period - Shot by Jonathan Toews.
18:08 of 3rd period - Shot Misses the Net.
18:10 of 3rd period - Shot by Cam Fowler.
18:10 of 3rd period - Stopped by Tuukka Rask with a rebound.
18:16 of 3rd period - Shot by Alexander Steen.
18:16 of 3rd period - Stopped by Tuukka Rask with a rebound.
18:18 of 3rd period - Shot by Jonathan Toews.
18:18 of 3rd period - Shot Blocked by Jared Cowen.
18:20 of 3rd period - Shot by Cam Fowler.
18:20 of 3rd period - Shot Misses the Net.
18:22 of 3rd period - Shot by Jonathan Toews.
18:22 of 3rd period - Stopped by Tuukka Rask without a rebound.
18:23 of 3rd period - Martin Hanzal wins face-off versus Mika Zibanejad in Senators zone.
18:23 of 3rd period - Justin Abdelkader is hit by Marc Methot and loses puck.
18:44 of 3rd period - Shot by Sidney Crosby.
18:44 of 3rd period - Shot Blocked by Jonathan Ericsson.
18:46 of 3rd period - Shot by Patrick Marleau.
18:46 of 3rd period - Stopped by Jonathan Bernier without a rebound.
18:47 of 3rd period - Mika Zibanejad wins face-off versus Shawn Horcoff in Canadiens zone.
18:50 of 3rd period - Shot by Mika Zibanejad.
18:50 of 3rd period - Stopped by Jonathan Bernier without a rebound.
18:51 of 3rd period - Sidney Crosby wins face-off versus Jonathan Toews in Canadiens zone.
19:12 of 3rd period - Shot by Sidney Crosby.
19:12 of 3rd period - Stopped by Jonathan Bernier with a rebound.
19:20 of 3rd period - Canadiens, Jonathan Bernier is pulled from the net.
19:30 of 3rd period - Shot by Jonathan Toews.
19:30 of 3rd period - Shot Misses the Net.
19:36 of 3rd period - Shot by Jonathan Toews.
19:36 of 3rd period - Stopped by Tuukka Rask without a rebound.
19:37 of 3rd period - Sidney Crosby wins face-off versus Alexander Steen in Senators zone.
19:48 of 3rd period - Jordan Eberle is hit by Marc Methot and loses puck.
19:51 of 3rd period - Shot by Adam Larsson.
19:51 of 3rd period - Shot Blocked by Marc Methot.
19:53 of 3rd period - Shot by Adam Larsson.
19:53 of 3rd period - Shot Blocked by Duncan Keith.
Goals for this period are 1 for Senators vs 0 for Canadiens.
Shots for this period are 13 for Senators vs 17 for Canadiens.